 Dungeon Crawl Stone Soup version 0.20-a0-1116-gaa52201 (webtiles) character file.

5173 dvd the Thaumaturge (level 10, -4/53 HPs)
             Began as a Deep Elf Fire Elementalist on May 7, 2017.
             Was a Believer of Vehumet.
             Slain by salapander's ghost (30 damage)
             ... on level 9 of the Dungeon.
             The game lasted 00:31:57 (10318 turns).

dvd the Thaumaturge (Deep Elf Fire Elementalist)   Turns: 10318, Time: 00:31:58

Health: -4/53      AC:  6    Str:  5    XL:     10   Next: 34%
Magic:  27/27      EV: 14    Int: 24    God:    Vehumet [**....]
Gold:   591        SH:  0    Dex: 15    Spells: 16/31 levels left

rFire    + . .     SeeInvis .   c - staff of conjuration
rCold    . . .     Gourm    .   (no shield)
rNeg     . . .     Faith    .   n - +0 robe
rPois    .         Spirit   .   (no helmet)
rElec    .         Reflect  .   r - +2 cloak {MR+}
rCorr    .         Harm     .   D - +0 pair of gloves
MR       +++..                  (no boots)
Stlth    +++.......             (no amulet)
Regen    0.2/turn               w - ring of protection from magic
MPRegen  0.2/turn               E - ring of protection from fire

@: no status effects
A: no striking features
a: Renounce Religion


You were on level 9 of the Dungeon.
You worshipped Vehumet.
Vehumet was pleased with you.
You were not hungry.

You visited 2 branches of the dungeon, and saw 10 of its levels.
You also visited: Bailey.

You collected 591 gold pieces.

Inventory:

Hand Weapons
 a - a +3 quarterstaff of chaos
 b - the +8 halberd of Xaluph {protect, Dex+4}
   (You found it on level 7 of the Dungeon)

   It protects the one who uses it against injury (+AC on strike).
   It affects your dexterity (+4).
Armour
 n - a +0 robe (worn)
 r - a +2 cloak of magic resistance (worn)
 C - a scarf of repulsion
 D - a +0 pair of gloves (worn)
Magical Staves
 c - an uncursed staff of conjuration (weapon)
Jewellery
 w - a ring of protection from magic (left hand)
 E - a ring of protection from fire (right hand)
Wands
 l - a wand of disintegration (8/24)
 p - a wand of scattershot (9/9)
 x - a wand of flame (30/48)
 F - a wand of iceblast (8/15)
 J - a wand of disintegration (10/24)
Scrolls
 e - 5 scrolls of recharging
 g - a scroll of amnesia
 i - 12 scrolls of identify
 k - 7 scrolls of remove curse
 o - 2 scrolls of teleportation
 v - a scroll of enchant armour
 G - 2 scrolls of fog
Potions
 d - 2 potions of curing
 f - 2 potions of heal wounds
 h - 6 potions of flight {unknown}
 j - 2 potions of magic {unknown}
 t - a potion of agility {unknown}
 u - 2 potions of lignification {unknown}
 z - a potion of cancellation {unknown}
 A - a potion of mutation {unknown}
Books
 m - a book of Misfortune

   Spells                             Type                      Level
   a - Confusing Touch                Hexes                        1
   b - Confuse                        Hexes                        3
   c - Gell's Gravitas                Translocation                3
   d - Petrify                        Transmutation/Earth          4
   e - Metabolic Englaciation         Hexes/Ice                    5
   f - Yara's Violent Unravelling     Hexes/Transmutation          5
 y - a book of Flames

   Spells                             Type                      Level
   a - Flame Tongue                   Conjuration/Fire             1
   b - Throw Flame                    Conjuration/Fire             2
   c - Conjure Flame                  Conjuration/Fire             3
   d - Inner Flame                    Hexes/Fire                   3
   e - Sticky Flame                   Conjuration/Fire             4
   f - Fireball                       Conjuration/Fire             5
 H - a book of Debilitation

   Spells                             Type                      Level
   a - Corona                         Hexes                        1
   b - Slow                           Hexes                        2
   c - Inner Flame                    Hexes/Fire                   3
   d - Portal Projectile              Hexes/Translocation          3
   e - Cause Fear                     Hexes                        4
   f - Leda's Liquefaction            Hexes/Earth                  4
Comestibles
 s - 6 meat rations
 B - 5 bread rations
 I - a royal jelly


   Skills:
 + Level 1.9 Fighting
 + Level 3.5 Staves
 + Level 4.4 Dodging
 + Level 5.3 Stealth
 + Level 11.1 Spellcasting
 + Level 7.9 Conjurations
 + Level 0.6 Hexes
 + Level 9.6 Fire Magic
 + Level 0.4 Evocations


You had 16 spell levels left.
You knew the following spells:

 Your Spells              Type           Power        Failure   Level  Hunger
a - Flame Tongue          Conj/Fire      #####        1%          1    None
b - Throw Flame           Conj/Fire      ######       1%          2    None
c - Sticky Flame          Conj/Fire      ######..     1%          4    None
d - Fireball              Conj/Fire      ######....   3%          5    ####...
e - Confuse               Hex            ###.....     11%         3    None


Dungeon Overview and Level Annotations

Branches:
Dungeon (9/15)             Temple (1/1) D:7
   Lair: D:8-11         Orc: D:9-12

Altars:
Ashenzari
Cheibriados
Dithmenos
Elyvilon
Fedhas
Gozag
Hepliaklqana
Kikubaaqudgha
Makhleb
Nemelex Xobeh
Okawaru
Qazlal
Ru
Sif Muna
Trog
Uskayaw
Vehumet
Wu Jian
Xom
Yredelemnul
Zin
The Shining One

Annotations:
D:3 grindst0ne's ghost, amateur DsBe
D:9 salapander's ghost, journeyman HOBe


Message History

Here: salapander's ghost The floor.
Unknown command.
Found a scroll of enchant weapon.
A wolf comes into view.
There is a stone staircase leading up, spattered with blood here.
You climb upwards.
There is a stone staircase leading down here.
Unknown command.
You eat one of the 2 royal jellies.
That royal jelly was delicious!
Unknown command.
You start resting.
Magic restored.
You climb downwards.
Level annotation: salapander's ghost, journeyman HOBe Salapander's ghost hits you!!
Ouch! That really hurt!
Salapander's ghost hits you!!
Ouch! That really hurt!
You die...

#######..#############..#
.........................##
..........................
........................#
........................#
...?....................#####
............................
#.......@W......)........
#...############.........
#.....W..................
............................
h.......########.#########.##
######..# #.#########.# #..#
####...........## ....
................. .....
.................


You could see salapander's ghost.

Vanquished Creatures
  A two-headed ogre (D:8)
  A hornet (D:6)
  Eustachio (D:5)
  A hungry ghost (D:9)
  3 water moccasins
  2 sky beasts
  4 ice beasts
  A black bear (D:6)
  5 orc warriors
  3 centaurs
  3 ogres
  Blork the orc (D:4)
  A big kobold (D:6)
  4 bullfrogs
  A scorpion (D:5)
  3 killer bees (D:7)
  2 vampire bats (D:5)
  A wight (D:6)
  3 howler monkeys
  A jelly (D:7)
  A bullfrog skeleton (D:6)
  A crimson imp (D:6)
  2 centaur skeletons
  2 centaur zombies
  4 hounds
  Crazy Yiuf (D:3)
  2 orc priests
  8 orc wizards
  2 iguanas
  14 worker ants
  A killer bee zombie (D:5)
  A hound skeleton (D:8)
  A howler monkey zombie (D:7)
  2 worker ant zombies
  4 gnolls (D:3)
  7 adders
  A shadow imp (D:6)
  An adder zombie (D:9)
  An adder skeleton (D:5)
  A worm (D:4)
  4 dart slugs
  7 leopard geckos
  23 orcs
  3 bat skeletons (D:5)
  2 bat zombies (D:5)
  5 giant cockroaches
  7 goblins
  8 hobgoblins
  13 jackals
  7 quokkas
  A ball python (D:5)
  6 bats
  9 frilled lizards
  9 kobolds
  A leopard gecko skeleton (D:7)
  7 rats
  2 plants (D:3)
213 creatures vanquished.

Notes
Turn   | Place    | Note
-------+----------+-------------------------------------------
     0 | D:1      | dvd the Deep Elf Fire Elementalist began the quest for the Orb.
     0 | D:1      | Reached XP level 1. HP: 10/10 MP: 6/6
   318 | D:1      | Reached XP level 2. HP: 15/15 MP: 4/8
  1064 | D:2      | Reached XP level 3. HP: 19/19 MP: 6/9
  1154 | D:2      | Learned a level 2 spell: Throw Flame
  1948 | D:3      | Found a runed door.
  1952 | D:3      | Noticed Crazy Yiuf
  1957 | D:3      | Killed Crazy Yiuf
  1957 | D:3      | Reached skill level 4 in Spellcasting
  1957 | D:3      | Reached XP level 4. HP: 17/24 MP: 6/12
  2251 | D:3      | Learned a level 4 spell: Sticky Flame
  2444 | D:3      | Noticed grindst0ne's ghost (amateur DsBe)
  2860 | D:3      | Reached XP level 5. HP: 18/28 MP: 4/13
  3569 | D:4      | Reached skill level 5 in Fire Magic
  3785 | D:4      | Reached skill level 5 in Spellcasting
  3796 | D:4      | Learned a level 5 spell: Fireball
  3881 | D:4      | Noticed Blork the orc
  3889 | D:4      | Killed Blork the orc
  3889 | D:4      | Reached XP level 6. HP: 23/32 MP: 3/16
  4233 | D:4      | Reached skill level 1 in Staves
  4365 | D:5      | Entered Level 5 of the Dungeon
  4410 | D:5      | Noticed Eustachio
  4438 | D:5      | Killed Eustachio
  4438 | D:5      | Reached XP level 7. HP: 37/37 MP: 5/17
  4557 | D:5      | Reached skill level 6 in Spellcasting
  4897 | D:5      | Found an ancient bone altar of Kikubaaqudgha.
  5091 | D:5      | Reached skill level 1 in Fighting
  5290 | D:5      | Reached XP level 8. HP: 22/43 MP: 9/20
  5322 | D:5      | Reached skill level 5 in Conjurations
  5671 | D:6      | Reached skill level 7 in Spellcasting
  5819 | D:6      | Found a glowing golden altar of the Shining One.
  5849 | D:6      | Found a burning altar of Makhleb.
  5850 | D:6      | Found a radiant altar of Vehumet.
  5872 | D:6      | Became a worshipper of Vehumet
  6210 | D:6      | Reached skill level 8 in Spellcasting
  6424 | D:6      | Reached XP level 9. HP: 35/47 MP: 9/23
  6511 | D:6      | Reached * piety under Vehumet
  6511 | D:6      | Offered knowledge of Sandblast by Vehumet.
  6675 | D:6      | Found an iron altar of Okawaru.
  7055 | D:7      | Found a flagged portal.
  7064 | D:7      | Got an encrusted halberd
  7065 | D:7      | Identified the +8 halberd of Xaluph {protect, Dex+4} (You found it on level 7 of the Dungeon)
  7128 | Bailey   | Entered a bailey
  7422 | Bailey   | Reached skill level 9 in Spellcasting
  7470 | Bailey   | Noticed an orc knight
  7657 | D:7      | Learned a level 3 spell: Confuse
  8027 | D:7      | Found a sparkling altar of Nemelex Xobeh.
  8027 | D:7      | Found a basalt altar of Yredelemnul.
  8032 | D:7      | Found a blossoming altar of Fedhas.
  8084 | D:7      | Found a staircase to the Ecumenical Temple.
  8255 | D:7      | Reached skill level 5 in Stealth
  8587 | D:8      | Offered knowledge of Sting by Vehumet.
  8747 | D:8      | Noticed a two-headed ogre
  8751 | D:8      | Killed a two-headed ogre
  8751 | D:8      | Reached skill level 10 in Spellcasting
  8751 | D:8      | Reached XP level 10. HP: 53/53 MP: 9/26
  8877 | D:8      | Reached ** piety under Vehumet
  9350 | D:8      | Found a stormy altar of Qazlal.
  9572 | Temple   | Entered the Ecumenical Temple
  9833 | D:9      | Reached skill level 11 in Spellcasting
 10237 | D:9      | Noticed salapander's ghost (journeyman HOBe)
 10318 | D:9      | Slain by salapander's ghost

Vault maps used:
D:1:      dpeg_arrival_arbitrary_b, serial_forest, infiniplex_forest_zigzag_1,
          infiniplex_forest_lined_room_3, infiniplex_forest_diagonal,
          infiniplex_forest_lined_corner, infiniplex_forest_clump_long,
          infiniplex_forest_clump_tiny, infiniplex_forest_lined_2
D:2:      first_bread, grunt_ministairs_10, st_stairs_7
D:3:      wad_woods_pond, uniq_crazy_yiuf_cottage
D:4:      kennysheep_potato, uniq_blork_the_orc
D:5:      kennysheep_vampire_church, nrook_pool_corridor, grunt_ministairs_6,
          uniq_eustachio
D:6:      minmay_diamond_boxcup, grunt_temple_overflow_lords_of_destruction,
          old_standard_altar, okawaru_gym_becter, minmay_bent
D:7:      minitemple, minmay_temple_entry_statues_pillars, enter_bailey_2
D:8:      nicolae_qazlal_style_of_elements
D:9:      uniq_grum, uniq_maurice
Temple:   nicolae_temple_figure_eight
Bailey:   bailey_polearm_2, bailey

Skill      XL: |  1  2  3  4  5  6  7  8  9 10 |
---------------+-------------------------------+-----
Fire Magic     | 4 5 6 7 9 |  9.6
Stealth        | 3 4 5 |  5.3
Spellcasting   | 4 5 6 8 10 11 | 11.1
Conjurations   | 2 3 4 5 7 |  7.9
Staves         | 2 3 |  3.5
Dodging        | 3 4 |  4.4
Fighting       | 1 |  1.9
Hexes          | |  0.6
Evocations     | |  0.4

Action                   |  1- 3 |  4- 6 |  7- 9 | 10-12 || total
-------------------------+-------+-------+-------+-------++-------
Melee: Unarmed           |     1 |       |       |       ||     1
       Quarterstaff      |       |    65 |    28 |       ||    93
       Staff             |       |       |    48 |    16 ||    64
       Halberd           |       |       |     1 |       ||     1
 Cast: Flame Tongue      |    65 |    42 |    55 |    24 ||   186
       Throw Flame       |     5 |    44 |    78 |     8 ||   135
       Sticky Flame      |       |     6 |    22 |     9 ||    37
       Fireball          |       |       |    22 |    10 ||    32
       Confuse           |       |       |     1 |     2 ||     3
Evoke: Wand              |       |       |     5 |       ||     5
  Use: Potion            |     1 |       |     2 |       ||     3
       Scroll            |       |    10 |     6 |       ||    16
 Stab: Sleeping          |       |       |     3 |     1 ||     4
       Confused          |       |       |     1 |       ||     1
  Eat: Chunk             |     3 |     9 |    15 |     5 ||    32
       Bread ration      |       |       |     1 |       ||     1
       Royal jelly       |       |       |       |     1 ||     1
Armor: Robe              |     3 |     9 |    27 |     8 ||    47
Dodge: Dodged            |     8 |    28 |   118 |    27 ||   181
